 Dungeon Crawl Stone Soup version 0.27.1-3-gb3d3a73c9e (webtiles) character file.

Game seed: 3547405137524601189

176 Elvor the Conjurer (level 5, -2/30 HPs)
             Began as a Deep Elf Conjurer on Oct 6, 2021.
             Slain by a goblin (4 damage)
             ... led by Robin
             ... on level 3 of the Dungeon.
             The game lasted 00:15:37 (1904 turns).

Elvor the Conjurer (Deep Elf Conjurer)              Turns: 1904, Time: 00:15:38

Health: -2/30      AC:  2    Str:  4    XL:     5   Next: 30%
Magic:  4/13       EV: 12    Int: 24    God:
Gold:   66         SH:  0    Dex: 13    Spells: 9/12 levels left

rFire    . . .     SeeInvis .   g - +2 rapier (elec)
rCold    . . .     Faith    .   (no shield)
rNeg     . . .     Spirit   .   a - +0 robe
rPois    .         Reflect  .   (no helmet)
rElec    .         Harm     .   (no cloak)
rCorr    .         Rampage  .   (no gloves)
Will     .....                  (no boots)
Stlth    ++........             (no amulet)
HPRegen  0.10/turn              (no ring)
MPRegen  0.13/turn              (no ring)

@: hasted, very quick
A: no striking features
a: no special abilities


You were on level 3 of the Dungeon.
You visited 1 branch of the dungeon, and saw 3 of its levels.

You collected 66 gold pieces.

Inventory:

Hand Weapons
 g - a +2 rapier of electrocution (weapon)
Missiles
 c - 27 stones
 h - 8 poisoned darts
Armour
 a - a +0 robe (worn)
Scrolls
 b - a scroll of brand weapon {unknown}
 e - a scroll of amnesia {unknown}
 f - a scroll of noise {unknown}
 i - a scroll of teleportation {unknown}
 j - 2 scrolls of identify {unknown}


   Skills:
 * Level 1.6 Fighting
 + Level 0.4 Short Blades
 + Level 2.7 Dodging
 + Level 2.9 Stealth
 + Level 4.0 Spellcasting
 + Level 6.0 Conjurations


You had 9 spell levels left.
You knew the following spells:

 Your Spells              Type           Power      Damage    Failure   Level
a - Magic Dart            Conj           100%       1d8       1%          1
b - Searing Ray           Conj           66%        3d5       1%          2

Your spell library contained the following spells:

 Spells                   Type           Power      Damage    Failure   Level
 Dazzling Flash           Conj/Hex       38%        N/A       9%          3
 Fulminant Prism          Conj/Hex       9%         3d7       28%         4
 Iskenderun's Mystic Bla  Conj/Tloc      19%        2d6       28%         4


Dungeon Overview and Level Annotations

Branches:
Dungeon (3/15)

Altars:

Annotations:
D:3 Robin


Message History

The magic dart hits the goblin.
The goblin is heavily wounded.
The goblin barely misses you.
You puncture the goblin!
You kill the goblin!
Robin roars a battlecry!
The goblin goes into a battle-frenzy!
A goblin comes into view. It is wielding a +0 dagger. x2
Robin throws the goblin at you! The goblin hits you with a +0 dagger.
The goblin shouts!
Your magical contamination has completely faded away.
You closely miss the goblin.
The goblin shouts!
The goblin misses you. The goblin closely misses you.
You closely miss the goblin. The goblin hits you with a +0 dagger.
A goblin comes into view. It is wielding a +0 club.
The goblin hits you with a +0 dagger.
You hit the goblin.
You kill the goblin!
The goblin hits you with a +0 dagger. The goblin closely misses you.
Robin hits you from afar with a +0 spear.
Things that are here:
a +0 dagger; a +0 dagger; a goblin corpse
Aiming: Searing Ray (safe; 1% risk of failure)
Press: ? - help, Q - select action, (/) - cycle Shift-Dir - straight line, f - goblin, p - Robin
Aim: a goblin, wielding a +0 club (strong, 76% to hit)
The searing ray hits Robin.
Robin is heavily wounded.
The searing ray hits the goblin.
You kill the goblin!
The searing ray misses the goblin. (Press . to maintain the ray.) Robin hits you from afar with a +0 spear.
* * * LOW HITPOINT WARNING * * *
The goblin hits you with a +0 dagger.
* * * LOW HITPOINT WARNING * * *
Your Spellcasting skill increases to level 4!
It was a potion of haste.
You feel yourself speed up. The goblin hits you with a +0 dagger.
You die...

#.#....#######.###
.<...............#
..#.......####.#.#
..#............#.#
#.###..###+###.#.#
#.# #..# #.#.# #.#
#..# #.#.# #.# #.#
+.#g# #.# .##
#.#@# #.# #g# #g#
..# .)$# ....#
.....# ......#


You could see Robin and 2 goblins.

Vanquished Creatures
  A scorpion (D:3)
  4 gnolls (D:2)
  3 adders (D:2)
  A dart slug (D:2)
  5 endoplasms
  A giant cockroach (D:1)
  14 goblins
  5 hobgoblins
  2 quokkas
  3 ball pythons
  4 bats
  3 frilled lizards
  2 kobolds (D:1)
  4 rats
52 creatures vanquished.

Notes
Turn   | Place    | Note
-------+----------+-------------------------------------------
     0 | D:1      | Elvor the Deep Elf Conjurer began the quest for the Orb.
     0 | D:1      | Reached XP level 1. HP: 10/10 MP: 6/6
   113 | D:1      | Reached XP level 2. HP: 15/15 MP: 2/8
   116 | D:1      | Learned a level 2 spell: Searing Ray
   267 | D:1      | Reached skill level 5 in Conjurations
   628 | D:2      | Reached XP level 3. HP: 20/20 MP: 6/9
   691 | D:2      | Reached skill level 1 in Fighting
   720 | D:2      | Reached XP level 4. HP: 21/25 MP: 0/11
   823 | D:2      | Found a faded altar of an unknown god.
  1608 | D:3      | Noticed a scorpion
  1612 | D:3      | Killed a scorpion
  1613 | D:3      | Reached skill level 6 in Conjurations
  1613 | D:3      | Reached XP level 5. HP: 19/29 MP: 5/12
  1892 | D:3      | Noticed Robin
  1904 | D:3      | Slain by a goblin

Illustrated notes

Levels and vault maps discovered:
D:1:      minmay_arrival_semitransparent, layout_loops_ring
D:2:      layout_basic, ebering_ecumenical_altar_sacrificial,
          kennysheep_doodads, roderic_lattice_a
D:3:      layout_basic, lemuel_doored_altar, grunt_temple_overflow_open,
          mainiacjoe_overflow_catwalk_spiral, chequers_serial_rivers_room_a,
          uniq_robin, uniq_crazy_yiuf_cottage, uniq_sigmund

Skill      XL: |  1  2  3  4  5 |
---------------+----------------+-----
Conjurations   | 5 6 |  6.0
Fighting       | 1 |  1.6
Spellcasting   | 4 |  4.0
Short Blades   | |  0.4
Dodging        | |  2.7
Stealth        | |  2.9

Action                   |  1- 3 |  4- 6 || total
-------------------------+-------+-------++-------
Melee: Short sword       |     3 |     7 ||    10
       Rapier            |       |     6 ||     6
Throw: Dart              |       |     1 ||     1
 Cast: Magic Dart        |    44 |    24 ||    68
       Searing Ray       |     4 |     6 ||    10
  Use: Potion            |       |     1 ||     1
Armor: Robe              |     2 |     3 ||     5
Dodge: Dodged            |     2 |    16 ||    18
